 Dungeon Crawl Stone Soup version 0.31-a0-1074-g0b22e4e0f1 (webtiles) character file.

Game seed: 16040276770806276429

290 Zenkrye the Magician (level 6, -1/45 HPs)
             Began as a Djinni Fire Elementalist on Nov 30, 2023.
             Killed by divine providence
             ... invoked by an orc priest
              (11 damage)
             ... on level 3 of the Dungeon.
             The game lasted 00:08:25 (2036 turns).

Zenkrye the Magician (Djinni Fire Elementalist)     Turns: 2036, Time: 00:08:25

Health: -1/45      AC:  4    Str:  7    XL:     6   Next: 58%
Gold:   121        EV: 13    Int: 25    God:
                   SH:  0    Dex: 13

rFire   + + .        (no weapon)
rCold   x . .        (no shield)
rNeg    . . .        a - +0 robe
rPois   ∞            d - +0 helmet
rElec   .            (no cloak)
rCorr   .            i - +0 pair of gloves
SInv    .            (boots unavailable)
Will    .....        (no amulet)
Stlth   ++           t - +6 ring of intelligence
HPRegen 0.27/turn    (no ring)
MPRegen 0.00/turn

%: infuse magic (-2 HP)
@: flying
A: sickness immunity, fire resistance 2, cold vulnerability 1, float, innate
caster, HP casting, extra vitality 1
a: no special abilities


You were on level 3 of the Dungeon.
You visited 1 branch of the dungeon, and saw 3 of its levels.

You collected 121 gold pieces.

Inventory:

Armour
 a - a +0 robe (worn)
 d - a +0 helmet (worn)
 i - a +0 pair of gloves (worn)
Jewellery
 t - a +6 ring of intelligence (left hand)
Scrolls
 c - 2 scrolls of teleportation {@r3}
 e - a scroll of vulnerability
Potions
 b - 2 potions of curing {unknown}
 f - a potion of might {unknown}
 g - a potion of mutation {unknown}
 h - a potion of magic {unknown}
 j - a potion of enlightenment {unknown}
 k - a potion of lignification {unknown}


   Skills:
 + Level 2.8 Fighting
 + Level 4.0 Dodging
 - Level 1.5 Stealth
 * Level 4.4 Spellcasting
 * Level 4.4 Conjurations
 * Level 4.4 Hexes
   Level 0.0 Charms
 * Level 4.4 Summonings
 * Level 4.4 Necromancy
 * Level 4.4 Translocations
 * Level 4.4 Transmutations
 * Level 4.4 Fire Magic
 * Level 4.4 Ice Magic
 * Level 4.4 Air Magic
 * Level 4.4 Earth Magic
 * Level 4.4 Poison Magic


You knew the following spells:

 Your Spells              Type           Power      Damage    Failure   Level
a - Foxfire               Conj/Fire      100%       2x1d9     1%          1
b - Scorch                Fire           54%        2d7       2%          2
c - Volatile Blastmotes   Fire/Tloc      54%        2d14      4%          3
d - Inner Flame           Hex/Fire       27%        N/A       4%          3
e - Flame Wave            Conj/Fire      27%        2d9       14%         4
f - Shock                 Conj/Air       100%       1d9       1%          1
g - Lesser Beckoning      Tloc           54%        N/A       2%          2
Your spell library was empty.

Dungeon Overview and Level Annotations

Branches:
Dungeon (3/15)

Altars:

Annotations:
D:2 1 runed translucent door, Crazy Yiuf


Innate Abilities, Weirdness & Mutations

You are immune to sickness and miasma.
You are immune to poison.
Your flesh is very heat resistant. (rF++)
You are vulnerable to cold. (rC-)
You float through the air rather than walking.
You learn spells naturally, not from books.
Your magical power is your life essence.
You have superior vitality. (+4 MHP)


Message History

Press: ? - help, Dir - look around, f - activate A wave of flame ripples out!
The flame wave engulfs something!
Reactivating autopickup.
You feel a bit more experienced. (Press . to intensify the flame waves.)
You hear an angry hiss.
You hear a shout! x2
The orc priest calls down the wrath of Beogh upon you.
Pain shoots through your body!
A wave of flame ripples out!
You hear a shout! x3
A wave of flame ripples out!
The flame wave engulfs the orc priest.
The orc priest is moderately wounded.
You finish channelling waves of flame.
A frilled lizard comes into view.
An orc comes into view. It is wielding a +0 short sword.
The orc priest invokes the aid of Beogh against you.
Pain shoots through your body!
Unknown command.
Casting: Flame Wave (quite dangerous; 14% risk of failure)
Confirm with . or Enter, or press ? or * to list all spells.
A cloud of volatile blastmotes flares up around you!
A kobold comes into view. It is wielding a +0 club.
An orc comes into view. It is wielding a +0 short sword.
Casting: Volatile Blastmotes (dangerous; 4% risk of failure)
Confirm with . or Enter, or press ? or * to list all spells.
Flames lash the orc.
You kill the orc!
* * * LOW HITPOINT WARNING * * *
The orc priest hits you with a +0 whip.
* * * LOW HITPOINT WARNING * * *
Your Dodging skill increases to level 4!
Casting: Scorch (safe; 2% risk of failure)
Confirm with . or Enter, or press ? or * to list all spells.
Flames lash the orc priest.
The orc priest is severely wounded.
The orc priest's fire resistance burns away.
* * * LOW HITPOINT WARNING * * *
The orc priest invokes the aid of Beogh against you.
Beogh smites you!
You die...

#.. ##.>.. ....## ###.#
#<....
#.....####...########.....
......................####
........# #..........# #
........# #..........#####
........# #...............
........###......)...###..
...o.l.)o@.....K..........
.....o..##.)....###.......
.......######.........####
#...... >..#.......# #
######. ####.......## # #.
#........# # ##
####.###.### ...........
##..###..##


You could see an orc priest (combustible), 2 orcs, a kobold and a frilled
lizard.

Vanquished Creatures
  Sigmund (D:2)
  An orc wizard (D:3)
  Robin (D:2)
  3 adders (D:2)
  A worm (D:3)
  A dart slug (D:2)
  2 orcs (D:3)
  3 endoplasms
  A giant cockroach (D:3)
  14 goblins
  9 hobgoblins
  2 quokkas
  5 ball pythons
  6 bats
  6 frilled lizards
  3 kobolds
  2 rats
61 creatures vanquished.

Vanquished Creatures (others)
  83 foxfires
83 creatures vanquished.

Grand Total: 144 creatures vanquished

Notes
Turn   | Place    | Note
-------+----------+-------------------------------------------
     0 | D:1      | Zenkrye the Djinni Fire Elementalist began the quest for
                  | the Orb.
     0 | D:1      | Zenkrye set off with the following spells memorised:
                  | Foxfire, Scorch, Volatile Blastmotes, Inner Flame, Flame
                  | Wave.
     0 | D:1      | Reached XP level 1. HP: 15/15 MP: 0/0
   270 | D:1      | Reached XP level 2. HP: 20/22 MP: 0/0
   723 | D:1      | Reached XP level 3. HP: 20/26 MP: 0/0
   723 | D:1      | Learned a level 1 spell: Shock
   750 | D:1      | Reached skill level 1 in Fighting
  1164 | D:2      | Noticed Sigmund
  1170 | D:2      | Killed Sigmund
  1171 | D:2      | Reached XP level 4. HP: 28/34 MP: 0/0
  1171 | D:2      | Reached XP level 5. HP: 32/39 MP: 0/0
  1171 | D:2      | Learned a level 2 spell: Lesser Beckoning
  1171 | D:2      | Reached XP level 6. HP: 37/45 MP: 0/0
  1390 | D:2      | Found a runed translucent door.
  1391 | D:2      | Noticed Crazy Yiuf
  1430 | D:2      | Noticed Robin
  1433 | D:2      | Killed Robin
  2036 | D:3      | Killed from afar by an orc priest

Illustrated notes

Levels and vault maps discovered:
D:1:      dpeg_cavernosity, layout_loops_ring
D:2:      layout_rooms, uniq_sigmund, uniq_robin, uniq_crazy_yiuf_cottage
D:3:      layout_rooms

Skill      XL: |  1  2  3  4  5  6 |
---------------+-------------------+-----
Spellcasting   | 4 |  4.4
Conjurations   | 4 |  4.4
Hexes          | 4 |  4.4
Summonings     | 4 |  4.4
Necromancy     | 4 |  4.4
Translocations | 4 |  4.4
Transmutations | 4 |  4.4
Fire Magic     | 4 |  4.4
Ice Magic      | 4 |  4.4
Air Magic      | 4 |  4.4
Earth Magic    | 4 |  4.4
Poison Magic   | 4 |  4.4
Fighting       | 2 |  2.8
Dodging        | 3 4 |  4.0
Stealth        | |  1.5

Action                     |  1- 3 |  4- 6 || total
---------------------------+-------+-------++-------
   Cast: Foxfire           |    26 |    25 ||    51
         Scorch            |    14 |    11 ||    25
         Volatile Blastmot |       |     2 ||     2
         Flame Wave        |       |     1 ||     1
    Use: Scroll            |     2 |     2 ||     4
 Armour: Robe              |    12 |     1 ||    13
  Dodge: Dodged            |    25 |     4 ||    29

Table legend: (Time is in decaauts)
 A = Elapsed time spent in this place.
 B = Non-inter-level travel time spent in this place.
 C = Inter-level travel time spent in this place.
 D = Time resting spent in this place.
 E = Time spent auto-exploring this place.
 F = Levels seen in this place.
 G = Mean time per level.
                   A        B        C        D        E       F      G
               +--------+--------+--------+--------+--------+-----+--------+
         Total |   2035 |   2014 |     21 |    100 |   1624 |   3 |  678.3 |
       Dungeon |   2035 |   2014 |     21 |    100 |   1624 |   3 |  678.3 |
               +--------+--------+--------+--------+--------+-----+--------+

Top non-repeatable levels by time:
     D:1: 955 daAuts
     D:2: 841 daAuts
     D:3: 237 daAuts
